 Dungeon Crawl Stone Soup version 0.26-a0-438-g4b1dca4f87 (webtiles) character file.

Game seed: 6863777488590275906

13831 ReteAZ the Polluter (level 12, 0/88 HPs)
             Began as a Naga Venom Mage on July 26, 2020.
             Was the Champion of Cheibriados.
             Slain by a yak (5 damage)
             ... on level 11 of the Dungeon.
             The game lasted 00:46:02 (15710 turns).

ReteAZ the Polluter (Naga Venom Mage)              Turns: 15710, Time: 00:46:02

Health: 0/88       AC:  7    Str: 27    XL:     12   Next: 10%
Magic:  19/26      EV: 10    Int: 33    God:    Cheibriados [******]
Gold:   648        SH:  0    Dex: 28    Spells: 18/31 levels left

rFire    . . .     SeeInvis +   N - +2 great sword (freeze)
rCold    . . .     Faith    .   (shield currently unavailable)
rNeg     . . .     Spirit   .   J - +2 robe {Archmagi}
rPois    +         Reflect  .   (no helmet)
rElec    .         Harm     .   (no cloak)
rCorr    .                      (no gloves)
MR       +....                  (no barding)
Stlth    +++.......             G - amulet of magic regeneration
HPRegen  0.24/turn              i - ring of flight
MPRegen  0.45/turn              (no ring)

@: radiating poison, very slow
A: large, see invisible, deformed body, poison resistance, slowness 2, spit
poison 1, AC +4
a: Spit Poison, Bend Time, Temporal Distortion, Slouch, Step From Time, Renounce
Religion, Evoke Flight


You were on level 11 of the Dungeon.
You worshipped Cheibriados.
Cheibriados was exalted by your worship.
You visited 2 branches of the dungeon, and saw 12 of its levels.

You collected 648 gold pieces.

Inventory:

Hand Weapons
 e - a +0 club
 h - a +0 short sword
 q - a +3 flail
 u - a +1 vorpal falchion
 y - a +2 hand axe of electrocution
 N - a +2 great sword of freezing (weapon)
Missiles
 P - 8 curare-tipped darts (quivered)
Armour
 a - a +1 robe
 v - a +3 leather armour of poison resistance
 I - the +0 robe "Coyfris" {MR+ Int+2 SInv}
   (You found it on level 8 of the Dungeon)

   It affects your intelligence (+2).
   It affects your resistance to hostile enchantments.
   It lets you see invisible.
 J - a +2 robe of the Archmagi (worn)
 R - a +2 robe of cold resistance
Magical Staves
 S - an uncursed staff of air
Jewellery
 i - a ring of flight (left hand)
 G - an amulet of magic regeneration (around neck)
 T - a +6 ring of dexterity {unknown}
Wands
 x - a wand of flame (31)
 C - a wand of iceblast (6)
Scrolls
 j - 2 scrolls of fear
 k - 8 scrolls of identify
 l - 4 scrolls of remove curse
 o - a scroll of random uselessness {unknown}
 p - 6 scrolls of teleportation
 r - 2 scrolls of amnesia {unknown}
 t - 2 scrolls of magic mapping {unknown}
 w - 2 scrolls of enchant armour
 A - a scroll of blinking {unknown}
 E - 2 scrolls of enchant weapon {unknown}
 H - 2 scrolls of fog {unknown}
 K - a scroll of summoning {unknown}
 L - a scroll of vulnerability {unknown}
Potions
 b - 2 potions of heal wounds
 c - 3 potions of curing
 d - a potion of might {unknown}
 f - a potion of magic
 g - 3 potions of haste
 m - 4 potions of flight
 n - a potion of berserk rage
 s - 4 potions of brilliance
 z - a potion of lignification
 B - a potion of invisibility
 F - 4 potions of mutation {unknown}
 M - 2 potions of resistance {unknown}
 O - a potion of ambrosia {unknown}
 Q - a potion of degeneration {unknown}
Miscellaneous
 D - a phial of floods


   Skills:
 - Level 1.5 Dodging
 - Level 3.0 Stealth
 + Level 10.0 Spellcasting
 - Level 3.0 Conjurations
 - Level 2.0 Transmutations
 - Level 3.0 Fire Magic
 - Level 3.0 Air Magic
 - Level 15.0 Poison Magic
 - Level 10.0 Invocations


You had 18 spell levels left.
You knew the following spells:

 Your Spells              Type           Power        Failure   Level
a - Sting                 Tmut/Pois      ####         1%          1
b - Ignite Poison         Fire/Tmut/Pois ######..     1%          3
c - Mephitic Cloud        Conj/Pois/Air  #######.     1%          3
d - Olgreb's Toxic Radia  Pois           ########     1%          4
e - Poisonous Vapours     Pois/Air       ######       1%          2

Your spell library contained the following spells:

 Spells                   Type           Power        Failure   Level
 Freeze                   Ice            ###.         2%          1
 Frozen Ramparts          Ice            ###...       9%          3
 Ozocubu's Armour         Ice            ###.....     9%          3
 Hailstorm                Conj/Ice       #####...     16%         4
 Summon Ice Beast         Ice/Summ       ###.....     28%         4


Dungeon Overview and Level Annotations

Branches:
Dungeon (11/15)            Temple (1/1) D:6            Lair (0/6) D:8
    Orc (0/2) D:11

Altars:
Ashenzari
Cheibriados
Dithmenos
Elyvilon
Fedhas
Gozag
Hepliaklqana
Kikubaaqudgha
Makhleb
Nemelex Xobeh
Okawaru
Qazlal
Trog
Uskayaw
Vehumet
Wu Jian
Xom
Yredelemnul
Zin
The Shining One


Innate Abilities, Weirdness & Mutations

You cannot wear boots.
Your serpentine skin is tough. (AC +4)
You have supernaturally acute eyesight. (SInv)
Armour fits poorly on your strangely shaped body.
Your system is resistant to poisons. (rPois)
You cover ground very slowly.
You can spit poison.


Message History

The yak is poisoned.
The killer bee looks even sicker.
You kill the killer bee!
Cheibriados thoroughly appreciates the change of pace.
You kill the killer bee!
Cheibriados thoroughly appreciates the change of pace.
You kill the killer bee!
Cheibriados thoroughly appreciates the change of pace.
Cheibriados raises the support of your attributes as your movement slows.
Casting: Olgreb's Toxic Radiance (safe; 1% risk of failure)
Confirm with . or Enter, or press ? or * to list all spells.
You feel a surge of power!
Your toxic radiance grows in intensity.
The howler monkey looks even sicker.
The yak looks even sicker.
You kill the killer bee!
Cheibriados thoroughly appreciates the change of pace.
The yak looks even sicker. x3; The yak gores you!
* * * LOW HITPOINT WARNING * * *
The yak gores you!
* * * LOW HITPOINT WARNING * * *
The yak gores you.
You die...

############
#...........
#....Z......
#...@Y......
#..YY.......
#...h.......
+...........
#.......†...
#...........
#####.#
##########+#
#.....#
#'#####


You could see 3 yaks, a howler monkey (very poisoned) and a hound skeleton.

Vanquished Creatures
  Snorg (D:10)
  Fannar (D:10)
  Sonja (D:10)
  An unseen horror (D:10)
  A cyclops (D:11)
  Psyche (D:10)
  Joseph (D:7)
  A centaur skeleton (D:10)
  A hornet (D:10)
  Grinder (D:5)
  A vampire (D:9)
  A shadow (D:11)
  Grum (D:10)
  14 yaks
  Eustachio (D:5)
  2 wraiths (D:10)
  A wyvern (D:11)
  An acid dragon (D:8)
  A hornet zombie (D:10)
  5 ice beasts
  2 sky beasts
  2 phantoms
  An eye of draining (D:9)
  A black bear (D:7)
  3 orc warriors
  2 necrophages
  5 ogres
  2 wolves (D:10)
  4 centaurs
  3 big kobolds
  A crocodile (D:6)
  4 bullfrogs
  3 scorpions
  17 killer bees
  A vampire bat (D:4)
  14 wights
  4 howler monkeys
  A bullfrog zombie (D:6)
  4 jellies
  A centaur zombie (D:10)
  13 orc wizards
  8 orc priests
  7 hounds
  A bullfrog skeleton (D:7)
  4 iguanas
  7 worker ants
  2 hound zombies
  A worker ant zombie (D:10)
  A howler monkey zombie (D:7)
  8 adders
  3 shadow imps
  7 white imps
  2 ufetubi
  An ooze (D:5)
  3 adder zombies
  3 adder skeletons
  A worm (D:2)
  4 dart slugs
  3 fire bats (D:4)
  10 leopard geckos
  35 orcs
  2 spectral bats (D:4)
  15 bats
  3 bat skeletons (D:4)
  A bat zombie (D:4)
  7 giant cockroaches
  3 hobgoblins
  14 jackals
  19 kobolds
  2 quokkas
  A bat simulacrum (D:4)
  12 frilled lizards
  6 goblins
  A jackal skeleton (D:4)
  A jackal zombie (D:8)
  A leopard gecko skeleton (D:6)
  A leopard gecko zombie (D:5)
  A quokka skeleton (D:5)
  9 rats
336 creatures vanquished.

Notes
Turn   | Place    | Note
-------+----------+-------------------------------------------
     0 | D:1      | ReteAZ the Naga Venom Mage began the quest for the Orb.
     0 | D:1      | Reached XP level 1. HP: 15/15 MP: 3/3
   284 | D:1      | Reached XP level 2. HP: 14/22 MP: 0/5
   943 | D:1      | Reached XP level 3. HP: 28/28 MP: 5/7
  1606 | D:2      | Reached XP level 4. HP: 10/36 MP: 0/8
  1847 | D:2      | Learned a level 3 spell: Ignite Poison
  2185 | D:2      | Found a radiant altar of Vehumet.
  2289 | D:2      | Reached skill level 5 in Poison Magic
  2941 | D:2      | Reached XP level 5. HP: 34/42 MP: 5/10
  3000 | D:2      | Found a faded altar of an unknown god.
  3237 | D:3      | Reached skill level 1 in Fire Magic
  3969 | D:4      | Reached XP level 6. HP: 28/49 MP: 8/12
  4436 | D:4      | Learned a level 3 spell: Mephitic Cloud
  4752 | D:4      | Reached skill level 1 in Air Magic
  5122 | D:4      | Noticed a phantom
  5129 | D:4      | Killed a phantom
  5129 | D:4      | Reached skill level 1 in Conjurations
  5129 | D:4      | Reached skill level 6 in Poison Magic
  5129 | D:4      | Reached XP level 7. HP: 55/55 MP: 4/14
  5340 | D:4      | Reached skill level 5 in Spellcasting
  5372 | D:4      | Learned a level 4 spell: Olgreb's Toxic Radiance
  6044 | D:5      | Entered Level 5 of the Dungeon
  6045 | D:5      | Noticed Grinder
  6050 | D:5      | Killed Grinder
  6050 | D:5      | Reached skill level 8 in Poison Magic
  6050 | D:5      | Noticed Eustachio
  6057 | D:4      | Reached XP level 8. HP: 59/62 MP: 4/15
  6139 | D:5      | Killed Eustachio
  6139 | D:5      | Reached skill level 9 in Poison Magic
  6810 | D:5      | Reached skill level 10 in Poison Magic
  7470 | D:5      | Learned a level 2 spell: Poisonous Vapours
  7646 | D:5      | Reached XP level 9. HP: 68/68 MP: 7/16
  7889 | D:6      | Found a staircase to the Ecumenical Temple.
  7900 | Temple   | Entered the Ecumenical Temple
  7984 | Temple   | Became a worshipper of Cheibriados the Contemplative
  8081 | D:6      | Reached skill level 11 in Poison Magic
  8583 | D:6      | Reached skill level 12 in Poison Magic
  8673 | D:6      | Reached skill level 1 in Invocations
  8837 | D:6      | Reached * piety under Cheibriados
  9764 | D:7      | Reached ** piety under Cheibriados
 10193 | D:6      | Reached skill level 13 in Poison Magic
 10938 | D:7      | Noticed Joseph
 10944 | D:7      | Killed Joseph
 10944 | D:7      | Reached skill level 5 in Invocations
 10944 | D:7      | Reached XP level 10. HP: 51/75 MP: 7/17
 11350 | D:8      | Got a warped spear
 11357 | D:8      | Got a brightly glowing robe
 11368 | D:8      | Identified the +0 robe "Coyfris" {MR+ Int+2 SInv} (You
                  | found it on level 8 of the Dungeon)
 11368 | D:8      | Identified the +7 spear of Ykygor Veanu {speed, rF+ SInv}
                  | (You found it on level 8 of the Dungeon)
 11495 | D:8      | Found a staircase to the Lair.
 11806 | D:9      | Reached *** piety under Cheibriados
 11929 | D:9      | Reached skill level 14 in Poison Magic
 12246 | D:9      | Reached **** piety under Cheibriados
 13078 | D:10     | Entered Level 10 of the Dungeon
 13078 | D:10     | Noticed Fannar
 13078 | D:10     | Noticed Grum
 13149 | D:9      | Reached skill level 15 in Poison Magic
 13248 | D:10     | Reached ***** piety under Cheibriados
 13255 | D:10     | Reached XP level 11. HP: 54/77 MP: 9/18
 13413 | D:10     | Noticed Psyche
 13418 | D:10     | Killed Psyche
 13638 | D:10     | Reached skill level 10 in Invocations
 14105 | D:10     | Killed Fannar
 14115 | D:10     | Noticed Snorg
 14210 | D:10     | Killed Snorg
 14283 | D:10     | Noticed Sonja
 14286 | D:10     | Killed Sonja
 14341 | D:10     | Killed Grum
 14709 | D:10     | Noticed an unseen horror
 14784 | D:10     | Killed an unseen horror
 15322 | D:11     | Reached XP level 12. HP: 67/84 MP: 20/25
 15694 | D:11     | Found a staircase to the Orcish Mines.
 15698 | D:11     | Reached skill level 10 in Spellcasting
 15709 | D:11     | Reached ****** piety under Cheibriados
 15710 | D:11     | Slain by a yak

Illustrated notes

Levels and vault maps discovered:
D:1:      dpeg_arrival_three_smaller_balls, layout_loops_corners,
          minmay_octomino_c4
D:2:      layout_basic, vehumet_crystals, chequers_ecumenical_altar_twisty,
          minivault_27, minmay_lizard_pond
D:3:      layout_loops_cross
D:4:      layout_cave_pools, grunt_ministairs_11, goddamned_bats
D:5:      layout_gridville, minmay_misc_feat_cross, uniq_eustachio, uniq_grinder
D:6:      minmay_clustersquares, layout_loops_ring, minmay_temple_entry_junction
D:7:      layout_basic, uniq_joseph
D:8:      layout_basic, dpeg_oklobed_lair
D:9:      layout_long_grid
D:10:     layout_layer_cave, uniq_fannar, uniq_snorg, uniq_grum, uniq_psyche,
          uniq_sonja
D:11:     layout_roguey, minmay_orc_entry_guard_dogs
Temple:   regret_index_temple_sigil_plot

Skill      XL: |  1  2  3  4  5  6  7  8  9 10 11 12 |
---------------+-------------------------------------+-----
Spellcasting   | 3 4 5 9 10 | 10.0
Transmutations | 2 |  2.0
Poison Magic   | 5 6 8 10 13 15 | 15.0
Fire Magic     | 1 2 3 |  3.0
Air Magic      | 1 2 3 |  3.0
Conjurations   | 1 2 3 |  3.0
Invocations    | 5 9 10 | 10.0
Dodging        | |  1.5
Stealth        | |  3.0

Action                   |  1- 3 |  4- 6 |  7- 9 | 10-12 || total
-------------------------+-------+-------+-------+-------++-------
Melee: Unarmed           |     7 |       |       |       ||     7
       Short sword       |    36 |    19 |       |       ||    55
       Flail             |       |    46 |    77 |       ||   123
       Hand axe          |       |       |   122 |    68 ||   190
       Great sword       |       |       |       |    31 ||    31
 Cast: Sting             |    43 |    80 |    34 |     9 ||   166
       Mephitic Cloud    |       |     3 |    30 |    25 ||    58
       Ignite Poison     |       |     2 |    29 |    31 ||    62
       Olgreb's Toxic Ra |       |       |     7 |    47 ||    54
       Poisonous Vapours |       |       |    15 |    21 ||    36
 Abil: Spit Poison       |     4 |    22 |    24 |    11 ||    61
  Use: Potion            |     1 |       |       |     1 ||     2
       Scroll            |       |       |     4 |    13 ||    17
 Stab: Sleeping          |       |     3 |     2 |       ||     5
       Distracted        |       |       |     1 |       ||     1
Armor: Robe              |    20 |    29 |    93 |    68 ||   210
       Leather armour    |       |       |   102 |     3 ||   105
Dodge: Dodged            |    48 |    73 |   240 |   123 ||   484
       Rpst.: Great sword |       |       |       |    17 ||    17

Table legend: (Time is in decaauts)
 A = Elapsed time spent in this place.
 B = Non-inter-level travel time spent in this place.
 C = Inter-level travel time spent in this place.
 D = Time resting spent in this place.
 E = Time spent auto-exploring this place.
 F = Levels seen in this place.
 G = Mean time per level.
                   A        B        C        D        E       F      G
               +--------+--------+--------+--------+--------+-----+--------+
         Total |  21168 |  20557 |    611 |   5846 |  11209 |  12 | 1764.0 |
       Dungeon |  21000 |  20438 |    562 |   5846 |  11107 |  11 | 1909.1 |
        Temple |    168 |    119 |     49 |      0 |    102 |   1 |  168.0 |
               +--------+--------+--------+--------+--------+-----+--------+

Top non-repeatable levels by time:
    D:10: 3442 daAuts
     D:4: 2911 daAuts
     D:6: 2841 daAuts
     D:9: 2270 daAuts
     D:2: 2041 daAuts
     D:1: 1790 daAuts
     D:5: 1553 daAuts
     D:7: 1430 daAuts
     D:3: 958 daAuts
     D:8: 953 daAuts
    D:11: 808 daAuts
  Temple: 168 daAuts
